 Dungeon Crawl Stone Soup version 0.31-a0-1612-g4aaf141004 (webtiles) character file.

Game seed: 11881549384206557227

123 MacCMillion the Chopper (level 4, -1/39 HPs)
             Began as a Minotaur Fighter on Jan 9, 2024.
             Succumbed to an orc wizard's poison
             ... on level 3 of the Dungeon.
             The game lasted 00:02:29 (1447 turns).

MacCMillion the Chopper (Minotaur Fighter)          Turns: 1447, Time: 00:02:30

Health: -1/39      AC:  6    Str: 22    XL:     4   Next: 79%
Magic:  3/3        EV:  9    Int:  5    God:
Gold:   57         SH:  4    Dex: 10    Spells: 3/3 levels left

rFire   . . .        a - +0 war axe
rCold   . . .        c - +0 buckler
rNeg    . . .        b - +0 scale mail
rPois   .            (helmet restricted)
rElec   .            (no cloak)
rCorr   .            (no gloves)
SInv    .            (no boots)
Will    .....        (no amulet) Stlth
                     (no ring)
HPRegen 0.26/turn    (no ring)
MPRegen 0.08/turn

%: no passive effects
@: brilliant, lethally poisoned (-1 -> -32)
A: horns 2, retaliatory headbutt
a: no special abilities


You were on level 3 of the Dungeon.
You visited 1 branch of the dungeon, and saw 3 of its levels.

You collected 57 gold pieces.

Inventory:

Hand Weapons
 a - a +0 war axe (weapon)
Missiles
 g - 6 poisoned darts (quivered)
Armour
 b - a +0 scale mail (worn)
 c - a +0 buckler (worn)
Scrolls
 e - a scroll of silence {unknown}
 i - a scroll of enchant weapon {unknown}
 j - 2 scrolls of fog {unknown}
 k - a scroll of fear {unknown}
 l - a scroll of poison {unknown}
Potions
 d - 2 potions of might
 m - a potion of degeneration {unknown}


   Skills:
 - Level 3.6 Fighting
 + Level 5.9 Axes
 - Level 3.6 Armour
 - Level 4.0 Shields


You had 3 spell levels left.
You didn't know any spells.
Your spell library contained the following spells:

 Spells                   Type           Power      Damage    Failure   Level
 Summon Small Mammal      Summ           0%         N/A       86%         1
 Call Canine Familiar     Summ           0%         N/A       99%         3
 Summon Blazeheart Golem  Fire/Summ      0%         N/A       100%        4


Dungeon Overview and Level Annotations

Branches:
Dungeon (3/15)

Altars:

Shops:
D:1 =


Innate Abilities, Weirdness & Mutations

You have a pair of horns on your head.
You reflexively headbutt those who attack you in melee.


Message History

Something hits you but does no damage.
You barely miss the orc.
You feel very sick. The orc hits you with a +0 flail.
You are too injured to fight recklessly!
You are too injured to fight recklessly!
You are too injured to fight recklessly!
Unknown command.
You barely miss the orc.
You feel sick. The orc closely misses you.
You slash the orc!
You kill the orc!
You feel sick.
You miss something. Your headbutt misses something.
You feel sick. Something hits you.
* * * LOW HITPOINT WARNING * * *
You closely miss something.
You feel sick. Something hits you but does no damage.
You are lethally poisoned!
You hear some strange, mumbled words.
You are confused.
It was a potion of heal wounds.
You feel much better.
You feel very sick.
You hear some strange, mumbled words.
A magic dart appears from out of thin air!
The magic dart hits you!
You barely miss something.
You feel sick. Something hits you.
You are more poisoned.
You bump into the rock wall.
You feel very sick. Something hits you.
You are more poisoned.
It was a potion of brilliance.
You feel clever all of a sudden.
* * * LOW HITPOINT WARNING * * *
You feel very sick. Something hits you but does no damage.
You are more poisoned.
You miss something. Your headbutt misses something.
You feel less confused.
You die...

##.##
##...
#....
... ..
... ...
#o#
#...
#{# ...
#@###.#
#.....#
##..###
#$.#
#..# ..
####..#
#.
#.....#
..
#.##.##
#.
#.####
#.


You could see an orc.

Vanquished Creatures
  A bombardier beetle (D:3)
  2 adders (D:2)
  3 dart slugs
  A ribbon worm (D:2)
  An orc (D:3)
  8 ball pythons
  2 bat skeletons (D:3)
  2 bat zombies (D:3)
  3 endoplasms
  2 giant cockroaches (D:2)
  4 goblins
  12 hobgoblins
  A kobold (D:1)
  3 quokkas (D:1)
  3 bats
  3 frilled lizards
  5 rats
56 creatures vanquished.

Notes
Turn   | Place    | Note
-------+----------+-------------------------------------------
     0 | D:1      | MacCMillion the Minotaur Fighter began the quest for the
                  | Orb.
     0 | D:1      | Reached XP level 1. HP: 19/19 MP: 0/0
    36 | D:1      | Reached skill level 3 in Axes
    36 | D:1      | Reached XP level 2. HP: 23/26 MP: 1/1
   321 | D:1      | Found Soceed Zio's Jewellery Shoppe.
   337 | D:1      | Reached skill level 4 in Axes
   441 | D:1      | Reached XP level 3. HP: 27/31 MP: 2/2
   849 | D:2      | Reached skill level 5 in Axes
   849 | D:2      | Reached XP level 4. HP: 39/39 MP: 3/3
  1163 | D:2      | You fall into a shaft and drop 1 floor!
  1447 | D:3      | Succumbed to an orc wizard's poison

Illustrated notes

Levels and vault maps discovered:
D:1:      dpeg_arrival_tiny_d, layout_rooms, serial_shops, nicolae_diamond_shop,
          chequers_decorated_corner
D:2:      layout_loops_corners
D:3:      layout_loops_ring, vehumet_crystals, grunt_temple_overflow_diamond,
          overflow_temple_1_default, kennysheep_vampire_church, serial_shops,
          shop

Skill      XL: |  1  2  3 |
---------------+----------+-----
Axes           | 3 4 5 |  5.9
Shields        | 4 |  4.0
Fighting       | |  3.6
Armour         | |  3.6

Action                     |  1- 3 |  4- 6 || total
---------------------------+-------+-------++-------
  Melee: War axe           |    79 |    33 ||   112
         Headbutt          |     9 |     2 ||    11
    Use: Potion            |       |     2 ||     2
 Armour: Scale mail        |    44 |    33 ||    77
  Dodge: Dodged            |    41 |    13 ||    54
  Block: Buckler           |    17 |     8 ||    25

Table legend: (Time is in decaauts)
 A = Elapsed time spent in this place.
 B = Non-inter-level travel time spent in this place.
 C = Inter-level travel time spent in this place.
 D = Time resting spent in this place.
 E = Time spent auto-exploring this place.
 F = Levels seen in this place.
 G = Mean time per level.
                   A        B        C        D        E       F      G
               +--------+--------+--------+--------+--------+-----+--------+
         Total |   1481 |   1474 |      7 |    106 |   1054 |   3 |  493.7 |
       Dungeon |   1481 |   1474 |      7 |    106 |   1054 |   3 |  493.7 |
               +--------+--------+--------+--------+--------+-----+--------+

Top non-repeatable levels by time:
     D:2: 688 daAuts
     D:1: 503 daAuts
     D:3: 289 daAuts
